cohdb
Replays
Latest Replays
All Replays
Popular Replays
Top Player Replays
Match Explorer
How It Works
Community
CoH3 Stats
Reddit
Sign in to upload your games and track your stats! →
Sign in with Steam
Match 42435588
Unlisted
Match 42435588
Overview
Messages
Build Orders
End
Kradschützen Motorcycle Team
Panzergrenadier Squad
Panzerpioneer Squad
Panzergrenadier Squad
250 Light Carrier
Construct Light Support Kompanie
Selects Armored Support Battlegroup
Selects Superior Fire Drills
Combat Half-tracks
Panzerjäger Mechanized Group
2.5-tonne Medical Truck
Fire Support Elements
MG34 Team
Construct Panzerarmee Kommand
Panzerjäger Squad
Panzer III L Medium Tank
Selects Flammpanzer III Medium Tank
Flammpanzer III Medium Tank
Pak 38 Anti-tank Gun Team
Walking Stuka Rocket Launcher
Panzer III L Medium Tank
Panzergrenadier Squad
Panzergrenadier Squad
Selects Vehicle Awareness
Selects Panzer Storm
Selects Stuka Anti-tank Loiter
Panzer III L Medium Tank
Stuka Anti-tank Loiter
MG34 Team
Panzer III L Medium Tank
Tungsten Core Ammunition
Stuka Anti-tank Loiter
Walking Stuka Rocket Launcher
Grand.G
African Charlie Brown
0
0
Comments
sign in to comment!
No comments posted yet!